 Dungeon Crawl Stone Soup version 0.19-a0-1341-g3513869 (webtiles) character file.

258 Gruud the Slasher (level 5, 10/38 HPs)
             Began as a Demonspawn Gladiator on Sept 1, 2016.
             Was an Initiate of Okawaru.
             Quit the game on level 4 of the Dungeon.
             The game lasted 00:07:22 (2992 turns).

Gruud the Slasher (Demonspawn Gladiator)            Turns: 2992, Time: 00:07:23

Health: 10/38      AC:  7    Str: 15    XL:     5   Next: 94%
Magic:  15/15      EV: 10    Int: 11    God:    Okawaru [......]
Gold:   150        SH:  0    Dex: 13    Spells: 0 memorised, 4 levels left

rFire  . . .     SeeInvis .     a - +0 long sword
rCold  . . .     Gourm    .     p - +0 scale mail
rNeg   . . .     Faith    .     (no shield)
rPois  .         Spirit   .     c - +0 helmet
rElec  .         Dismiss  .     (no cloak)
rCorr  .         Reflect  .     (no gloves)
MR     +....     Harm     .     (no boots)
Stlth  ..........               (no amulet)
                                j - ring of magical power
                                m - ring of protection from magic

@: lethally poisoned (10 -> -10)
A: talons 2
a: Renounce Religion


You were on level 4 of the Dungeon.
You worshipped Okawaru.
Okawaru was noncommittal.
You were not hungry.

You visited 1 branch of the dungeon, and saw 4 of its levels.

You collected 150 gold pieces.

Inventory:

Hand Weapons
 a - a +0 long sword (weapon)
 b - a +0 blowgun
Missiles
 d - 3 throwing nets (quivered)
 C - 4 curare-tipped needles
Armour
 c - a +0 helmet (worn)
 p - a +0 scale mail (worn)
 B - a +0 leather armour
Jewellery
 h - an uncursed ring of fire
 j - a ring of magical power (right hand)
 m - a ring of protection from magic (left hand)
Wands
 v - a wand of iceblast (5/15)
 D - a wand of paralysis (3/24)
Scrolls
 g - 2 scrolls of amnesia {unknown}
 i - a scroll of immolation {unknown}
 k - a scroll of enchant armour {unknown}
 l - a scroll of remove curse
 r - a scroll of recharging {unknown}
 s - a scroll of teleportation {unknown}
 t - a scroll of fog {unknown}
 u - a scroll of enchant weapon {unknown}
 y - a scroll of blinking {unknown}
Potions
 e - a potion of brilliance
 o - a potion of invisibility {unknown}
 q - a potion of flight {unknown}
 x - a potion of mutation {unknown}
 z - a potion of agility {unknown}
 A - a potion of berserk rage {unknown}
Comestibles
 f - 2 bread rations
 n - 3 meat rations


   Skills:
 - Level 2.0 Fighting
 * Level 5.8 Long Blades
 - Level 1.7 Throwing
 - Level 2.6 Dodging
 + Level 2.2 Invocations


You had 4 spell levels left.
You didn't know any spells.

Dungeon Overview and Level Annotations

Branches:
Dungeon (4/15)             Temple (0/1) D:4

Altars:
Makhleb
Okawaru


Innate Abilities, Weirdness & Mutations

You have razor-sharp toenails.


Message History

The orc wizard hits you with a dagger of venom.
* * * LOW HITPOINT WARNING * * *
You are more poisoned.
You feel better.
The orc wizard hits you with a dagger of venom.
* * * LOW HITPOINT WARNING * * *
You are poisoned.
Evoke which item? (* to show all) (? for menu, Esc to quit)
Zapping:
D - a wand of paralysis {zapped: 2} (will waste charges)
Press: ? - help, Shift-Dir - straight line, f/p - orc wizard
Aim: an orc wizard, wielding a dagger of venom and wearing a robe (heavily wounded, fast, chance to defeat MR: 46%)
The orc wizard resists with some effort.
Evoking this partially-identified wand wasted a few charges.
You feel sick. The orc wizard closely misses you.
You riposte.
You hit the orc wizard but do no damage.
Your kick misses the orc wizard.
The orc wizard is heavily wounded.
The orc wizard hits you but does no damage.
You are lethally poisoned!
Are you sure you want to abandon this character and quit the game? (Confirm with "yes".)

## #.
...################
#.
...oooo@..........#
##.
...##########..##.#
#.. #..##.####.#
#####..##......#
............<.#.#
######.###..#.#..
(........#...
#.##.####.#.##. ..
... #.#.##.


You could see an orc wizard and 3 orcs.

Vanquished Creatures
  A hound (D:2)
  An orc wizard (D:3)
  Ijyb (D:3)
  Natasha (D:2)
  A worker ant (D:4)
  4 adders
  4 dart slugs
  A giant gecko (D:2)
  10 orcs
  2 giant cockroaches
  12 goblins
  11 hobgoblins
  4 quokkas
  A ball python (D:1)
  5 bats
  7 giant newts
  5 kobolds
  5 rats
76 creatures vanquished.

Notes
Turn   | Place    | Note
-------+----------+-------------------------------------------
     0 | D:1      | Gruud the Demonspawn Gladiator began the quest for the Orb.
     0 | D:1      | Reached XP level 1. HP: 16/16 MP: 1/1
   111 | D:1      | Reached skill level 3 in Long Blades
   433 | D:1      | Gained mutation: You have sharp toenails. [demonic ancestry]
   433 | D:1      | Reached XP level 2. HP: 20/22 MP: 2/2
  1280 | D:2      | Reached XP level 3. HP: 17/27 MP: 3/3
  1417 | D:2      | Reached skill level 4 in Long Blades
  1430 | D:2      | Reached XP level 4. HP: 20/33 MP: 4/4
  1443 | D:2      | Found a burning altar of Makhleb.
  1541 | D:2      | Noticed Natasha
  1549 | D:2      | Killed Natasha
  1806 | D:3      | Noticed Ijyb
  1815 | D:3      | Killed Ijyb
  1815 | D:3      | Reached skill level 5 in Long Blades
  1864 | D:3      | Gained mutation: You have razor-sharp toenails. [demonic ancestry]
  1864 | D:3      | Reached XP level 5. HP: 31/38 MP: 5/5
  2088 | D:3      | Found an iron altar of Okawaru.
  2096 | D:3      | Became a worshipper of Warmaster Okawaru
  2420 | D:3      | Reached skill level 1 in Invocations
  2935 | D:4      | Found a staircase to the Ecumenical Temple.
  2992 | D:4      | Quit the game

Vault maps used:
D:1:      eino_arrival_druids_welcome
D:2:      makhleb_heckhound_becter, uniq_natasha
D:3:      kennysheep_okawaru_gauntlet, uniq_iyjb
D:4:      uniq_eustachio

Skill      XL: |  1  2  3  4  5 |
---------------+----------------+-----
Long Blades    | 3 4 5 |  5.8
Invocations    | 2 |  2.2
Fighting       | |  2.0
Throwing       | |  1.7
Dodging        | |  2.6

Action                   |  1- 3 |  4- 6 || total
-------------------------+-------+-------++-------
Melee: Long sword        |   120 |   195 ||   315
       Kick              |    14 |    37 ||    51
Evoke: Wand              |       |     2 ||     2
  Use: Scroll            |     2 |     1 ||     3
       Potion            |       |     3 ||     3
  Eat: Chunk             |     2 |     3 ||     5
       Bread ration      |       |     1 ||     1
Armor: Leather armour    |    22 |       ||    22
       Scale mail        |    12 |    67 ||    79
Dodge: Dodged            |    68 |    77 ||   145
